Map: Ulrena

Players

CMStormPolt (Polt) - Winner!

  • Race: Terran Terran
  • League: Master

Lambo

  • Race: Zerg Zerg
  • League: Grandmaster

Event: 2016 WCS Winter Circuit Championship

VOD

Have the link to the VOD?

Description

Time

  • Played on: March 2, 2016, 6:13 a.m.
  • Length: 11:53

All games in this series

Show
View Real Time Build Order
Export as new Build Order

CMStormPolt Terran - Winner!

Build Orders: Bio Tank 

Get SALT Encoding   

  12  0:00  SCV  
  13  0:13  SCV  
  14  0:17  Supply Depot  
  14  0:25  SCV  
  15  0:39  SCV  
  15  0:40  Barracks  
  16  0:51  SCV  
  17  1:00  Barracks  
  17  1:03  SCV  
  18  1:10  Barracks  
  18  1:15  SCV  
  19  1:26  Marine  
  19  1:27  Orbital Command  
  20  1:35  Supply Depot  
  20  1:44  Marine  
  21  1:47  Marine  
  21  1:49  Bunker  
  23  1:58  Marine  
  24  2:02  Marine  
  24  2:06  Bunker  
  24  2:07  Marine  
  25  2:12  SCV  
  26  2:16  Supply Depot  
  26  2:24  Marine x2  
  26  2:28  Marine  
  29  2:34  Bunker  
  29  2:38  SCV  
  29  2:43  Marine x2  
  32  2:46  Marine  
  33  2:55  Supply Depot  
  33  3:01  Refinery  
  33  3:03  Refinery  
  33  3:15  Marine x3  
  33  3:17  SCV  
  37  3:33  SCV, Marine x3  
  40  3:35  Supply Depot  
  40  3:45  SCV  
  41  3:49  Factory  
  41  3:56  Marine x2  
  41  3:57  SCV  
  41  4:02  Marine  
  45  4:11  SCV  
  45  4:15  Supply Depot  
  43  4:26  Marine x3  
  43  4:28  SCV  
  42  4:38  Starport  
  42  4:42  Factory Tech Lab  
  42  4:50  Barracks Tech Lab  
  43  4:56  Marine x2  
  44  5:01  Siege Tank  
  47  5:10  Stimpack  
  47  5:14  Medivac  
  47  5:19  Marine x2  
  47  5:21  Marine  
  38  5:37  Marine x2  
  38  5:39  Siege Tank, Marine  
  40  6:09  Marine x3  
  34  6:18  Medivac  
  34  6:20  Siege Tank  
  34  6:21  SCV  
  38  6:27  Marine x3  
  41  6:45  Marine x3  
  44  6:54  Command Center  
  44  7:02  Siege Tank  
  44  7:08  Medivac  
  49  7:14  Marine x2  
  51  7:16  Marine  
  51  7:22  SCV  
  53  7:26  Supply Depot  
  53  7:33  Marine x2  
  53  7:34  Marine  
  54  7:47  Siege Tank  
  54  7:48  SCV  
  54  7:50  Marine x2  
  60  7:51  Marine  
  60  7:54  Medivac  
  63  8:06  SCV  
  63  8:08  Orbital Command  
  63  8:12  Combat Shields  
  64  8:18  SCV, Marine x2  
  64  8:34  Marine  
  64  8:36  Marine x2  
  64  8:37  Siege Tank  
  64  8:38  SCV  
  64  8:40  SCV  
  68  8:49  Medivac  
  68  8:52  Refinery  
  70  8:57  Marine x2  
  72  9:10  Marine  
  72  9:12  SCV  
  72  9:13  SCV  
  72  9:14  Marine x2  
  77  9:22  Supply Depot  
  76  9:25  Siege Tank  
  77  9:34  Marine x3  
  76  9:54  Liberator, Marine x3  
  76  9:59  Siege Tank  
  80  10:12  Marine x3  
  80  10:29  Marine  
  80  10:30  Marine x2  
  80  10:33  Siege Tank  
  85  10:47  Marine x3  
  79  10:57  Medivac  
  77  11:05  Marine x3  
  77  11:08  Siege Tank  
  77  11:09  Barracks x2  
  83  11:11  Barracks  
  81  11:23  Marine x3  
Show
View Real Time Build Order
Export as new Build Order

Lambo Zerg 

Build Orders: Hatch First, Ravager All-In 

Get SALT Encoding   

  12  0:00  Drone  
  13  0:13  Overlord  
  13  0:17  Drone  
  14  0:31  Drone x2  
  16  0:35  Drone  
  17  0:53  Hatchery  
  17  0:55  Drone  
  17  0:58  Drone  
  18  1:08  Extractor  
  17  1:13  Spawning Pool  
  17  1:16  Drone  
  17  1:19  Drone  
  18  1:31  Drone  
  19  1:40  Overlord  
  19  1:52  Drone  
  20  2:00  Zergling x2  
  20  2:01  Queen  
  23  2:09  Zergling x2  
  23  2:10  Extractor  
  23  2:13  Roach Warren  
  24  2:19  Drone  
  25  2:30  Zergling x2  
  24  2:53  Roach x2  
  24  2:57  Roach  
  30  3:05  Overlord  
  30  3:19  Overlord  
  30  3:25  Roach  
  30  3:26  Roach  
  34  3:29  Roach  
  34  3:32  Ravager x2  
  38  3:39  Ravager  
  39  3:42  Roach x3  
  45  3:51  Ravager  
  45  3:55  Overlord  
  46  4:06  Overlord  
  46  4:14  Roach x4  
  48  4:26  Ravager  
  49  4:36  Roach x2  
  47  4:46  Roach x2  
  47  4:47  Roach x2  
  55  4:56  Roach  
  57  5:10  Roach  
  59  5:15  Overlord  
  59  5:19  Roach  
  61  5:30  Ravager  
  61  5:31  Ravager  
  61  5:33  Roach  
  62  5:40  Roach  
  62  5:41  Roach  
  66  5:46  Roach  
  60  6:01  Drone x3  
  51  6:18  Roach  
  42  6:22  Drone x3  
  43  6:31  Drone  
  38  6:34  Hatchery  
  37  6:41  Ravager  
  37  6:42  Ravager  
  37  6:43  Roach  
  41  6:52  Queen  
  43  6:55  Ravager x2  
  45  7:03  Zergling x6  
  45  7:04  Zergling x2  
  49  7:14  Ravager  
  50  7:17  Roach  
  52  7:25  Roach x3  
  57  7:35  Roach x2  
  60  7:48  Queen  
  60  7:51  Ravager, Roach  
  61  8:11  Drone x4, Lair  
  65  8:13  Drone  
  60  8:30  Drone  
  60  8:31  Drone x3  
  64  8:39  Evolution Chamber, Extractor  
  62  8:44  Ravager  
  62  8:47  Drone x3  
  66  8:56  Roach  
  66  8:57  Roach x3  
  74  9:13  Overlord  
  74  9:26  Queen  
  74  9:29  Roach  
  76  9:31  Overlord  
  76  9:33  Overlord  
  76  9:34  Roach x3  
  76  9:35  Roach  
  84  9:42  Overlord  
  84  9:44  Glial Reconstitution  
  84  9:53  Ravager  
  84  9:55  Roach x3  
  91  10:06  Roach x5  
  82  10:23  Roach x5  
  86  10:40  Roach x3  
  92  10:49  Ravager x2  
  90  10:55  Roach  
  90  10:56  Roach x2  
  80  11:01  Roach  
  78  11:07  Roach  
  78  11:11  Roach  
  82  11:16  Roach  
  81  11:21  Ravager  
  81  11:22  Ravager  
  87  11:26  Ravager  
  87  11:27  Roach  
Tags
 
Add a new tag
Caveats
  • Supply blocks, unpowered buildings, or Contaminate may cause inaccurate times.
  • Supply counts are checked every 10 seconds.